 Dungeon Crawl Stone Soup version 0.29-a0-284-gf9362112df (webtiles) character file.

Game seed: 17313705754343826558

294 sammy202020 the Skirmisher (level 6, -6/60 HPs)
             Began as a Gargoyle Berserker on Mar 16, 2022.
             Was a Believer of Trog.
             Mangled by an ogre
             ... wielding a +0 giant club
              (15 damage)
             ... on level 4 of the Dungeon.
             The game lasted 00:05:45 (4066 turns).

sammy202020 the Skirmisher (Gargoyle Berserker)     Turns: 4066, Time: 00:05:46

Health: -6/60      AC: 16    Str: 21    XL:     6   Next: 34%
Magic:  6/6        EV:  8    Int:  9    God:    Trog [**....]
Gold:   152        SH:  0    Dex:  9    Spells: 5/5 levels left

rFire   . . .      SeeInvis .   d - +0 flail (vorpal)
rCold   . . .      Faith    .   (no shield)
rNeg    + . .      Spirit   .   q - +0 chain mail
rPois   ∞          Reflect  .   (no helmet)
rElec   +          Harm     .   l - +0 cloak
rCorr   .          Rampage  .   o - +0 pair of gloves
Will    ++...                   (no boots)
Stlth   ..........              (no amulet)
HPRegen 1.20/turn               (no ring)
MPRegen 0.10/turn               (no ring)

@: berserking, strong-willed, regenerating, very quick
A: sickness immunity, AC +4, negative energy resistance 1, electricity
resistance, torment resistance 1, petrification resistance
a: Renounce Religion, Berserk, Trog's Hand


You were on level 4 of the Dungeon.
You worshipped Trog.
Trog was pleased with you.
You visited 1 branch of the dungeon, and saw 4 of its levels.

You collected 152 gold pieces.

Inventory:

Hand Weapons
 a - a +0 mace
 d - a +0 vorpal flail (weapon)
Missiles
 i - 9 boomerangs (quivered)
 m - 5 poisoned darts
Armour
 l - a +0 cloak (worn)
 o - a +0 pair of gloves (worn)
 q - a +0 chain mail (worn)
Scrolls
 c - 2 scrolls of teleportation
 n - a scroll of fear
 r - a scroll of fog
 s - a scroll of torment {unknown}
Potions
 b - a potion of resistance
 e - a potion of curing
 f - 2 potions of degeneration
 g - a potion of attraction
 h - 2 potions of invisibility
 j - a potion of lignification {unknown}
 k - a potion of flight {unknown}
 p - 3 potions of berserk rage {unknown}


   Skills:
 * Level 4.9 Fighting
 * Level 4.3 Maces & Flails
 * Level 4.2 Armour
 + Level 2.4 Dodging


You had 5 spell levels left.
You didn't know any spells.
Your spell library was empty.

Dungeon Overview and Level Annotations

Branches:
Dungeon (4/15)             Temple (0/1) D:4

Altars:

Annotations:
D:4 Sigmund


Innate Abilities, Weirdness & Mutations

You are immune to sickness and miasma.
Your stone body is resilient. (AC +4)
You are immune to poison.
You resist negative energy. (rN+)
You are resistant to electric shocks. (rElec)
You are resistant to unholy torment.
You are immune to petrification.


Message History

You closely miss the adder.
The adder is almost dead.
The adder closely misses you. The adder bites you but does no damage.
You barely miss the adder.
The adder is almost dead.
The adder bites you but does no damage.
Sigmund laughs darkly.
The adder barely misses you.
Sigmund laughs darkly.
You barely miss the adder.
The adder is almost dead.
The adder bites you but does no damage.
You barely miss the adder.
The adder is almost dead.
The adder bites you but does no damage.
Sigmund mumbles some strange words.
Sigmund flickers and vanishes!
Deactivating autopickup; reactivate with Ctrl-A.
The adder bites you but does no damage.
You hit the adder but do no damage.
The adder is almost dead.
The adder bites you but does no damage.
You hit the adder but do no damage.
The adder is almost dead.
The adder barely misses you. The adder bites you but does no damage.
You hit the adder.
You kill the adder!
Trog accepts your kill.
A gnoll comes into view. It is wielding a +0 flail.
The ogre hits you with a +0 giant club!
You hit the ogre but do no damage.
Unknown command.
Your skin crawls.
You feel strong-willed.
The ogre hits you with a +0 giant club!!
* * * LOW HITPOINT WARNING * * *
A red film seems to cover your vision as you go berserk!
You feel yourself moving faster!
You feel mighty! The ogre hits you with a +0 giant club!
You die...

..>......# ##.......#
##.......# .........#
##.......# ##.......#
#### .........# ....
.#######.#########..#
..........ggg{gO@...#
..#.####..###g#####.#
..#.# #..# #.# ..#.#
#...##@# ..#.#
##..##.# ..#.#
#O..... ..#.# ##.##.#
.##.# .g..# #.. g..


You could see an ogre, a gnoll shaman and 4 gnolls.

Vanquished Creatures
  A hound (D:3)
  Terence (D:2)
  3 orc wizards
  A gnoll (D:4)
  7 adders
  3 worms
  2 dart slugs
  10 orcs
  4 ball pythons
  6 endoplasms
  3 giant cockroaches
  8 hobgoblins
  3 jackals (D:1)
  5 quokkas
  6 bats
  A frilled lizard (D:2)
  4 goblins
  A kobold (D:4)
  4 rats
73 creatures vanquished.

Vanquished Creatures (others)
  An orc wizard (D:4)
1 creature vanquished.

Grand Total: 74 creatures vanquished

Notes
Turn   | Place    | Note
-------+----------+-------------------------------------------
     0 | D:1      | sammy202020 the Gargoyle Berserker began the quest for the
                  | Orb.
     0 | D:1      | Reached XP level 1. HP: 14/14 MP: 1/1
    79 | D:1      | Reached XP level 2. HP: 15/19 MP: 2/2
   977 | D:1      | Reached XP level 3. HP: 24/24 MP: 3/3
  1694 | D:2      | Noticed Terence
  1748 | D:2      | Killed Terence
  1749 | D:2      | Reached XP level 4. HP: 9/29 MP: 4/4
  2319 | D:2      | Reached ** piety under Trog
  2465 | D:2      | Found a faded altar of an unknown god.
  2711 | D:3      | Reached XP level 5. HP: 18/33 MP: 5/5
  3640 | D:4      | Reached XP level 6. HP: 37/39 MP: 6/6
  3818 | D:4      | Found a staircase to the Ecumenical Temple.
  4052 | D:4      | Noticed Sigmund
  4066 | D:4      | Mangled by an ogre

Illustrated notes

Levels and vault maps discovered:
D:1:      co_arrival_square_in_a_square_in_a_square, layout_basic
D:2:      layout_loops_ring, hellmonk_ecumenical_altar_leap_of_faith,
          minmay_tetromino_t2, uniq_terence
D:3:      layout_rooms
D:4:      layout_loops_ring, minmay_temple_entry_grid, roderic_lattice_a,
          uniq_sigmund

Skill      XL: |  1  2  3  4  5 |
---------------+----------------+-----
Armour         | 3 4 |  4.2
Fighting       | 4 |  4.9
Dodging        | 2 |  2.4
Maces & Flails | 4 |  4.3

Action                   |  1- 3 |  4- 6 || total
-------------------------+-------+-------++-------
Melee: Mace              |    36 |       ||    36
       Flail             |    82 |   186 ||   268
       Punch             |     1 |       ||     1
Invok: Berserk           |     2 |     1 ||     3
       Trog's Hand       |       |     3 ||     3
  Use: Scroll            |       |    12 ||    12
Armor: Animal skin       |    44 |       ||    44
       Scale mail        |       |    46 ||    46
       Chain mail        |       |   101 ||   101
Dodge: Dodged            |    97 |   102 ||   199

Table legend: (Time is in decaauts)
 A = Elapsed time spent in this place.
 B = Non-inter-level travel time spent in this place.
 C = Inter-level travel time spent in this place.
 D = Time resting spent in this place.
 E = Time spent auto-exploring this place.
 F = Levels seen in this place.
 G = Mean time per level.
                   A        B        C        D        E       F      G
               +--------+--------+--------+--------+--------+-----+--------+
         Total |   4146 |   3985 |    161 |    371 |   2836 |   4 | 1036.5 |
       Dungeon |   4146 |   3985 |    161 |    371 |   2836 |   4 | 1036.5 |
               +--------+--------+--------+--------+--------+-----+--------+

Top non-repeatable levels by time:
     D:1: 1513 daAuts
     D:2: 1228 daAuts
     D:3: 939 daAuts
     D:4: 465 daAuts
